 Dungeon Crawl Stone Soup version 0.23.2-30-g0e89c35649 (webtiles) character file.

Game seed: 12117054024047235462

9 xelsha the Grasshopper (level 2, -1/18 HPs)
             Began as a Gargoyle Warper on June 15, 2019.
             Slain by a hobgoblin (4 damage)
             ... on level 1 of the Dungeon.
             The game lasted 00:01:33 (774 turns).

xelsha the Grasshopper (Gargoyle Warper)             Turns: 774, Time: 00:01:34

Health: -1/18      AC:  5    Str: 14    XL:     2   Next: 16%
Magic:  5/5        EV: 11    Int: 13    God:
Gold:   12         SH:  0    Dex:  9    Spells: 5/5 levels left

rFire    . . .     SeeInvis .   a - +0 spear
rCold    . . .     Gourm    .   (no shield)
rNeg     + . .     Faith    .   b - +0 leather armour
rPois    ∞         Spirit   .   (no helmet)
rElec    +         Reflect  .   (no cloak)
rCorr    .         Harm     .   (no gloves)
MR       .....                  (no boots)
Stlth    +.........             (no amulet)
HPRegen  0.06/turn              (no ring)
MPRegen  0.09/turn              (no ring)

@: no status effects
A: negative energy resistance 1, electricity resistance, unbreathing,
petrification resistance, rot immunity, AC +2
a: no special abilities


You were on level 1 of the Dungeon.
You were not hungry.

You visited 1 branch of the dungeon, and saw 2 of its levels.

You collected 12 gold pieces.

Inventory:

Hand Weapons
 a - a +0 spear (weapon)
Missiles
 c - 26 stones
 e - 5 tomahawks of dispersal (quivered)
Armour
 b - a +0 leather armour (worn)
Scrolls
 d - 2 scrolls of blinking
Comestibles
 f - 2 rations


   Skills:
 * Level 2.5 Fighting
 + Level 1.9 Polearms
 + Level 1.1 Throwing
 + Level 1.2 Armour
 - Level 1.5 Dodging
 + Level 2.1 Spellcasting
   Level 2.6 Translocations


You had 5 spell levels left.
You didn't know any spells.
Your spell library contained the following spells:

 Spells                   Type           Power        Failure   Level  Hunger
 Blink                    Tloc           N/A          16%         2    ###....
 Shroud of Golubria       Chrm/Tloc      #.........   26%         2    ###....
 Gell's Gravitas          Tloc           #.........   30%         3    ####...
 Lesser Beckoning         Tloc           #.........   30%         3    ####...
 Teleport Other           Tloc           #.......     30%         3    ####...
 Passage of Golubria      Tloc           N/A          71%         4    #####..


Dungeon Overview and Level Annotations

Branches:
Dungeon (2/15)

Altars:


Innate Abilities, Weirdness & Mutations

You are resistant to torment.
Your stone body is resilient. (AC +2)
You are immune to poison.
You resist negative energy. (rN+)
You are resistant to electric shocks. (rElec)
You can survive without breathing.
You are immune to petrification.
You are immune to rotting.


Message History

You barely miss the frilled lizard.
The frilled lizard hisses.
The frilled lizard barely misses you. The hobgoblin misses you.
You closely miss the frilled lizard. The frilled lizard bites you.
* * * LOW HITPOINT WARNING * * *
The hobgoblin barely misses you.
You barely miss the frilled lizard. The frilled lizard barely misses you.
The hobgoblin barely misses you.
You closely miss the frilled lizard.
The frilled lizard bites you but does no damage.
The hobgoblin closely misses you.
You hit the frilled lizard.
You kill the frilled lizard!
The hobgoblin barely misses you.
There is an open door, spattered with blood here.
You see here a frilled lizard corpse.
You hit the hobgoblin.
The hobgoblin is heavily wounded.
The hobgoblin hits you.
You die...

.# .# .# .# ##+## .###
##...## ...# # ##.....##
.#)# #.#.# ##.......##
...######.....###.........#
........>......g@.........+
#..######.....###........>#
#..# #.#.. ##....!..## ...#
... ##.....## #### ###
##...## # ##+##


You could see a hobgoblin.

Vanquished Creatures
  2 goblins (D:1)
  3 hobgoblins (D:1)
  A bat (D:1)
  A frilled lizard (D:1)
  2 kobolds (D:1)
9 creatures vanquished.

Notes
Turn   | Place    | Note
-------+----------+-------------------------------------------
     0 | D:1      | xelsha the Gargoyle Warper began the quest for the Orb.
     0 | D:1      | Reached XP level 1. HP: 12/12 MP: 3/3
   264 | D:1      | Reached skill level 1 in Throwing
   688 | D:1      | Reached XP level 2. HP: 13/18 MP: 5/5
   721 | D:1      | You fall through a shaft!
   774 | D:1      | Slain by a hobgoblin

Skill      XL: |  1 |
---------------+----+-----
Throwing       | 1 |  1.1
Fighting       | |  2.5
Polearms       | |  1.9
Armour         | |  1.2
Dodging        | |  1.5
Spellcasting   | |  2.1
Translocations | |  2.6

Action                   || total
-------------------------++-------
Melee: Spear             ||    53
Armor: Leather armour    ||    34
Dodge: Dodged            ||    55
